 Dungeon Crawl Stone Soup version 0.23-a0-667-gc184e93 (console) character file.

6 Duffy the Firebug (level 1, 3/13 HPs)
             Began as a Demonspawn Fire Elementalist on Jan 8, 2019.
             Quit the game on level 3 of the Dungeon.
             The game lasted 00:00:37 (335 turns).

Duffy the Firebug (Demonspawn Fire Elementalist)     Turns: 335, Time: 00:00:37

Health: 3/13       AC:  2    Str:  8    XL:     1   Next: 75%
Magic:  1/3        EV: 12    Int: 16    God:
Gold:   5          SH:  0    Dex: 13    Spells: 3/4 levels left

rFire    . . .     SeeInvis .   (no weapon)
rCold    . . .     Gourm    .   (no shield)
rNeg     . . .     Faith    .   a - +0 robe
rPois    .         Spirit   .   (no helmet)
rElec    .         Reflect  .   (no cloak)
rCorr    .         Harm     .   (no gloves)
MR       .....                  (no boots)
Stlth    ++........             (no amulet)
HPRegen  0.04/turn              (no ring)
MPRegen  0.08/turn              (no ring)

@: very slightly contaminated
A: no striking features
a: no special abilities


You were on level 3 of the Dungeon.
You were not hungry.

You visited 1 branch of the dungeon, and saw 3 of its levels.

You collected 5 gold pieces.

Inventory:

Armour
 a - a +0 robe (worn)
Potions
 d - a potion of heal wounds {unknown}
Comestibles
 b - a chunk of flesh
 c - a ration


   Skills:
 - Level 1.7 Dodging
 - Level 1.7 Stealth
 - Level 2.0 Spellcasting
 + Level 1.9 Conjurations
 - Level 2.6 Fire Magic


You had 3 spell levels left.
You knew the following spells:

 Your Spells              Type           Power        Failure   Level  Hunger
h - Flame Tongue          Conj/Fire      #....        9%          1    #......

Your spell library contained the following spells:

 Spells                   Type           Power        Failure   Level  Hunger
 Throw Flame              Conj/Fire      #.....       12%         2    ###....
 Conjure Flame            Conj/Fire      #.......     24%         3    ###....
 Inner Flame              Hex/Fire       #.......     34%         3    ###....
 Sticky Flame             Conj/Fire      #.......     63%         4    #####..
 Fireball                 Conj/Fire      #.........   92%         5    ######.


Dungeon Overview and Level Annotations

Branches:
Dungeon (3/15)

Altars:
Ru

Annotations:
D:3 Grinder


Message History

The flame tongue hits the quokka.
The quokka is severely wounded.
A goblin comes into view.
The quokka bites you.
You open the door. The quokka closely misses you.
A giant cockroach and a goblin come into view.
The quokka bites you.
Found a sacrificial altar of Ru.
There is an open door here.
The goblin shouts!
You hear a shout!
The goblin closely misses you.
A goblin comes into view. It is wielding a +0 dagger.
An orc wizard comes into view. It is wielding a +0 dagger.
The goblin completely misses you. The quokka closely misses you.
The goblin hits you with a +0 dagger.
You hit the giant cockroach but do no damage.
The orc wizard hits you but does no damage.
The giant cockroach closely misses you. The quokka barely misses you.
The goblin hits you but does no damage.
Are you sure you want to abandon this character and quit the game? (Confirm

##########
#....%...#
#.######.##
#.#.......######.
+#
#####g...<......5
#..
#..g#....#####..
#...#rg.#.g........
#...g@g.##.g..####
###.so######..#
#...... .g...}
#...#... .#g#...#
#...#...# r .#####
+#######+ .g gg ..


You could see an orc wizard (mute), a quokka, a giant cockroach (blind), 2
hobgoblins and 3 goblins.

Vanquished Creatures
  A bat (D:1)
  A goblin (D:1)
  5 rats
7 creatures vanquished.

Notes
Turn   | Place    | Note
-------+----------+-------------------------------------------
     0 | D:1      | Duffy the Demonspawn Fire Elementalist began the quest for
                  | the Orb.
     0 | D:1      | Reached XP level 1. HP: 13/13 MP: 3/3
   275 | D:3      | Noticed Grinder
   329 | D:3      | Found a sacrificial altar of Ru.
   331 | D:3      | Noticed an orc wizard
   335 | D:3      | Quit the game

Vault maps used:
D:1:      denvon_arrival_planthouse
D:2:      serial_co_window_serial, co_window_cross_1, co_window_paths_a,
          co_window_corner_a, co_window_of_opportunity_a, co_window_paths_b,
          co_window_cross_2, co_window_broadway_b, co_window_broadway_b,
          co_window_unsneaky_path_a, co_window_corner_b,
          co_window_of_opportunity_b, co_window_4corner_b, glass_columns_a,
          grunt_ministairs_15
D:3:      nicolae_ru_great_annihilating_truth, elyvilon_altar_1, uniq_robin,
          uniq_jessica, uniq_grinder

Action                   || total
-------------------------++-------
Melee: Unarmed           ||     8
 Cast: Flame Tongue      ||    14
Armor: Robe              ||    10
Dodge: Dodged            ||    19

Table legend:
 A = Non-vault XP
 B = Vault XP
 C = Vault XP percentage of total XP
 D = Non-vault monster count
 E = Vault monster count
 F = Vault count percentage of total count
                 A         B        C        D         E       F
            +---------+---------+-------+---------+---------+-------
      Total |       9 |       0 |   0.0 |       7 |       0 |   0.0
            +---------+---------+-------+---------+---------+-------
        D:1 |       5 |       0 |   0.0 |       3 |       0 |   0.0
        D:2 |       2 |       0 |   0.0 |       2 |       0 |   0.0
        D:3 |       2 |       0 |   0.0 |       2 |       0 |   0.0
            +---------+---------+-------+---------+---------+-------
